 Dungeon Crawl Stone Soup version 0.17-a0-1368-g6ab37f2 (webtiles) character file.

97 bal the Bolt Thrower (level 4, 0/36 HPs)
             Began as a Centaur Hunter on June 12, 2015.
             Succumbed to an adder's poison
             ... on level 3 of the Dungeon.
             The game lasted 00:07:37 (1648 turns).

bal the Bolt Thrower (Centaur Hunter)               Turns: 1648, Time: 00:07:37

Health: 0/36       AC:  5    Str: 15    XL:     4   Next: 42%
Magic:  4/4        EV:  8    Int: 10    God:
Gold:   128        SH:  0    Dex: 10    Spells: 0 memorised, 3 levels left

rFire  . . .     SeeInvis .     a - +1 hand crossbow
rCold  . . .     Clarity  .     k - +0 ring mail
rNeg   . . .     SustAt   .     (no shield)
rPois  .         Gourm    .     (no helmet)
rElec  .         Spirit   .     (no cloak)
rCorr  .         Warding  .     (no gloves)
rMut   .         Stasis   .     (no barding)
MR     .....                    (no amulet)
Stlth  ..........               (no ring)
                                (no ring)

@: lethally poisoned (0 -> -6), very quick, not resistant to hostile
enchantments, extremely unstealthy
A: hooves 3, deformed body, speed 2, tough skin 3
a: no special abilities


You were on level 3 of the Dungeon.
You were not hungry.

You visited 1 branch of the dungeon, and saw 3 of its levels.

You collected 128 gold pieces.

Inventory:

Hand weapons
 a - a +1 hand crossbow (weapon)
 b - a +3 vampiric short sword
 c - a +0 short sword
Missiles
 j - 39 arrows
 p - 40 poisoned needles
 q - 20 bolts (quivered)
Armour
 d - a +0 leather armour
 k - a +0 ring mail (worn)
Scrolls
 e - a scroll of amnesia {unknown}
Potions
 g - a potion of ambrosia
 m - a potion of haste {unknown}
 n - a potion of agility {unknown}
 r - 2 potions of poison {unknown}
Comestibles
 f - 2 chunks of flesh
 o - a beef jerky
 t - 2 slices of pizza


   Skills:
 + Level 2.1 Fighting
 + Level 6.2 Crossbows
 + Level 0.2 Armour
 + Level 1.5 Dodging
 + Level 0.7 Stealth


You had 3 spell levels left.
You didn't know any spells.

Dungeon Overview and Level Annotations

Branches:
Dungeon (3/15)

Altars:

Annotations:
D:2 Robin


Innate Abilities, Weirdness & Mutations

You have hooves in place of feet.
Armour fits poorly on your strangely shaped body.
You cover ground very quickly.
You have extremely tough skin (AC +3).


Message History

* * * LOW HITPOINT WARNING * * *
You are more poisoned.
The adder poisons you!
Firing (i - inventory):
q - 23 bolts (quivered)
Press: ? - help, Shift-Dir - straight line, f/p - adder
Aim: an adder (almost dead)
You shoot a bolt. The bolt closely misses the adder.
* * * LOW HITPOINT WARNING * * *
You feel sick. The adder bites you but does no damage.
The adder barely misses you.
Firing (i - inventory):
q - 22 bolts (quivered)
Press: ? - help, Shift-Dir - straight line, f/p - adder
Aim: an adder (almost dead)
You shoot a bolt. The bolt barely misses the adder.
The adder bites you but does no damage.
Firing (i - inventory):
q - 21 bolts (quivered)
Press: ? - help, Shift-Dir - straight line, f/p - adder
Aim: an adder (almost dead)
You shoot a bolt. The bolt misses the adder.
You die...

#..(...#
#......#
#......#
#......###
####...!....
.........
###.##S.######
#...<.@....<..
#.......######
#...........#
#........##...
#........# #
#.<......#
#)#.###.?#
#.#... ..#
#.###.#...#


You could see an adder.

Vanquished Creatures
  Terence (D:2)
  2 adders (D:2)
  A worm (D:2)
  A ball python (D:2)
  3 bats (D:1)
  4 giant cockroaches
  11 goblins
  5 hobgoblins
  7 jackals
  5 kobolds (D:1)
  A quokka (D:2)
  8 rats
49 creatures vanquished.

Notes
Turn   | Place    | Note
--------------------------------------------------------------
     0 | D:1      | bal the Centaur Hunter began the quest for the Orb.
     0 | D:1      | Reached XP level 1. HP: 17/17 MP: 1/1
   322 | D:1      | Reached XP level 2. HP: 24/24 MP: 2/2
   329 | D:1      | Reached skill level 5 in Crossbows
   949 | D:2      | Reached XP level 3. HP: 29/29 MP: 3/3
  1138 | D:2      | Noticed Terence
  1141 | D:2      | Killed Terence
  1277 | D:2      | Found a faded altar to an unknown god.
  1299 | D:2      | Reached skill level 6 in Crossbows
  1299 | D:2      | Reached XP level 4. HP: 31/36 MP: 4/4
  1561 | D:2      | Noticed Robin
  1646 | D:3      | HP: 1/36 [poisoned by an adder]
  1648 | D:3      | Succumbed to an adder's poison

Vault maps used:
D:1:      minmay_arrival_glassed_features
D:2:      first_bread, ecumenical_altar_2, st_stairs_5, uniq_crazy_yiuf_cottage,
          uniq_robin, uniq_terence

Action                   |  1- 3 |  4- 6 || total
-------------------------+-------+-------++-------
Melee: Short sword       |     7 |    31 ||    38
 Fire: Hand crossbow     |    71 |    23 ||    94
  Use: Scroll            |     1 |       ||     1
       Potion            |       |     4 ||     4
  Eat: Bread ration      |     1 |     1 ||     2
       Chunk             |       |     1 ||     1
